 Dungeon Crawl Stone Soup version 0.26-a0-466-g989023bd0d (webtiles) character file.

Game seed: 4047992232695265384

86990 graki42 the Eclecticist (level 15, -13/82 HPs)
             Began as a Deep Elf Fire Elementalist on Aug 9, 2020.
             Was a High Priest of Sif Muna.
             Mangled by a snapping turtle (17 damage)
             ... on level 3 of the Shoals on Aug 12, 2020.
             The game lasted 03:09:36 (37628 turns).

graki42 the Eclecticist (DEFE)                     Turns: 37628, Time: 03:09:37

Health: -13/82     AC: 15    Str:  8    XL:     15   Next: 42%
Magic:  5/37       EV: 17    Int: 24    God:    Sif Muna [*****.]
Gold:   883        SH:  5    Dex: 15    Spells: 17/47 levels left

rFire    + + .     SeeInvis +   X - staff of fire
rCold    + + .     Faith    +   F - +0 buckler
rNeg     . . .     Spirit   .   c - +0 leather armour "Yceoco" {rElec rF+ MR+}
rPois    .         Reflect  .   n - +2 helmet {SInv}
rElec    +         Harm     .   M - +2 cloak
rCorr    .                      W - +2 pair of gloves
MR       ++...                  g - +2 pair of boots {Fly}
Stlth    ++++++++..             V - amulet "Geashraf" {Faith rF+ rC+}
HPRegen  0.23/turn              P - ring of ice
MPRegen  0.25/turn              S - ring of Shadows {Umbra +Inv Stlth+}

@: flying, wreathed by umbra, studying Stealth
A: no striking features
a: Channel Magic, Forget Spell, Divine Exegesis, Renounce Religion, Evoke
Invisibility, Stop Flying


You were on level 3 of the Shoals.
You worshipped Sif Muna.
Sif Muna was extremely pleased with you.
You visited 5 branches of the dungeon, and saw 22 of its levels.

You collected 2173 gold pieces.
You spent 1290 gold pieces at shops.

Inventory:

Armour
 c - the +0 leather armour "Yceoco" (worn) {rElec rF+ MR+}
   (You found it on level 4 of the Lair of Beasts)

   It protects you from fire.
   It insulates you from electricity.
   It affects your resistance to hostile enchantments.
 d - a +2 robe of resistance
 g - a +2 pair of boots of flying (worn)
 k - the +0 pair of boots of Honesty {rElec MR+ Int+5}
   (You bought it in a shop on level 2 of the Orcish Mines)

   It affects your intelligence (+5).
   It insulates you from electricity.
   It affects your resistance to hostile enchantments.
 n - a +2 helmet of see invisible (worn)
 s - a +1 pair of boots of stealth
 F - a +0 buckler (worn)
 M - a +2 cloak (worn)
 O - a +1 robe of positive energy
 W - a +2 pair of gloves (worn)
Magical Staves
 y - an uncursed staff of conjuration
 X - an uncursed staff of fire (weapon)
Jewellery
 p - an uncursed ring of protection from fire
 t - an uncursed amulet of magic regeneration {unknown}
 u - a cursed -4 ring of evasion
 w - an uncursed ring of stealth
 P - a ring of ice (left hand)
 S - the ring of Shadows (right hand) {Umbra +Inv Stlth+}
   (You found it on level 2 of the Lair of Beasts)

   [ring of stealth]

   It lets you turn invisible.
   It makes you more stealthy.
 V - the amulet "Geashraf" (around neck) {Faith rF+ rC+}
   (You acquired it on level 1 of the Lair of Beasts)

   [amulet of faith]

   It allows you to gain divine favour quickly.
   It protects you from fire.
   It protects you from cold.
Wands
 j - a wand of acid (11)
 E - a wand of clouds (10)
 T - a wand of digging (11)
Scrolls
 a - 2 scrolls of immolation
 b - 10 scrolls of identify
 f - 5 scrolls of remove curse
 l - 2 scrolls of fog
 m - a scroll of blinking
 o - a scroll of holy word {unknown}
 B - 3 scrolls of magic mapping
 L - 6 scrolls of teleportation
Potions
 e - 4 potions of brilliance
 h - a potion of invisibility
 i - 8 potions of curing
 q - 2 potions of lignification
 r - a potion of haste
 x - a potion of ambrosia
 A - 2 potions of resistance
 G - a potion of cancellation
 Y - a potion of heal wounds
Books
 v - a manual of Stealth


   Skills:
 + Level 5.1 Fighting
 - Level 9.0 Dodging
 - Level 12.0 Stealth
 - Level 4.0 Shields
 + Level 16.9 Spellcasting
 + Level 11.0 Conjurations
 - Level 3.0 Hexes
 - Level 11.0 Necromancy
 + Level 12.0 Fire Magic
 - Level 7.0 Air Magic
 - Level 11.0 Invocations


You had 17 spell levels left.
You knew the following spells:

 Your Spells              Type           Power        Failure   Level
a - Foxfire               Conj/Fire      ####         1%          1
b - Conjure Flame         Conj/Fire      #######.     1%          3
c - Inner Flame           Hex/Fire       ######..     1%          3
d - Sticky Flame          Conj/Fire      #######.     1%          4
e - Fireball              Conj/Fire      #######...   1%          5
f - Iskenderun's Battles  Conj           ######..     1%          5
g - Swiftness             Air            ######..     1%          2
h - Vampiric Draining     Necr           ######....   1%          3
i - Airstrike             Air            ######....   2%          4

Your spell library contained the following spells:

 Spells                   Type           Power        Failure   Level
 Animate Skeleton         Necr           ######       1%          1
 Pain                     Necr           ####         1%          1
 Shock                    Conj/Air       ####         1%          1
 Dazzling Flash           Conj/Hex       ######       1%          3
 Mephitic Cloud           Conj/Pois/Air  #####...     1%          3
 Static Discharge         Conj/Air       ######..     1%          3
 Animate Dead             Necr           ######....   1%          4
 Fulminant Prism          Conj/Hex       ######....   1%          4
 Agony                    Necr           ######..     1%          5
 Lightning Bolt           Conj/Air       ######....   2%          5
 Hailstorm                Conj/Ice       ######..     3%          4
 Iskenderun's Mystic Bla  Conj/Tloc      #####...     3%          4
 Bolt of Magma            Conj/Fire/Erth ######....   4%          5
 Starburst                Conj/Fire      #######...   4%          6
 Summon Guardian Golem    Hex/Summ       ####....     6%          3
 Orb of Destruction       Conj           ######....   34%         7
 Iron Shot                Conj/Erth      #####.....   52%         6
 Ignition                 Fire           #######...   87%         8
 Spellforged Servitor     Conj/Summ      #####.....   97%         7
 Haunt                    Necr/Summ      #####.....   98%         7
 Chain Lightning          Conj/Air       ######....   99%         8


Dungeon Overview and Level Annotations

Branches:
Dungeon (10/15)            Temple (1/1) D:7            Lair (6/6) D:10
 Shoals (3/4) Lair:2        Snake (0/4) Lair:2        Slime (0/5) Lair:6
    Orc (2/2) D:9             Elf (0/3) Orc:2

Altars:
Ashenzari
Cheibriados
Dithmenos
Elyvilon
Fedhas
Gozag
Hepliaklqana
Kikubaaqudgha
Makhleb
Nemelex Xobeh
Okawaru
Qazlal
Ru
Sif Muna
Trog
Uskayaw
Vehumet
Wu Jian
Xom
Yredelemnul
Zin
The Shining One

Shops:
D:4 [*   D:10 :   Orc:1 [   Orc:2 :([[*

Annotations:
D:8 2 transporters, Sassenached's ghost, journeyman OgWn


Message History

You see here 16 arrows.
A sea snake comes into view.
A water nymph comes into view.
Press: ? - help, v - describe, . - travel A dispersal trap.
Unknown command.
The snapping turtle bites you from afar!!
* * * LOW HITPOINT WARNING * * *
Casting: Airstrike (dangerous; 2% risk of failure)
Confirm with . or Enter, or press ? or * to list all spells.
Aiming: Fireball (dangerous; 1% risk of failure)
Press: ? - help, Shift-Dir - straight line, f/p - snapping turtle
Aim: a snapping turtle (severely wounded, umbra)
You feel a surge of power!
The fireball explodes!
The fireball engulfs the snapping turtle.
The snapping turtle is almost dead.
You hear an angry hiss.
The snapping turtle is engulfed in a cloud of scalding steam.
The snapping turtle bites you from afar!
You die...

≈≈≈≈≈..≈≈##..≈≈(≈≈.............<.
≈≈≈≈≈≈≈≈.....≈≈≈≈.......###.≈≈≈≈.
≈≈≈≈≈≈m......≈≈≈..≈.....###.(≈≈≈.
≈≈≈≈≈≈≈.≈≈..≈≈≈≈(.≈........≈≈≈≈≈≈
≈≈≈≈≈≈≈≈≈≈≈≈≈≈≈≈≈.........≈≈≈≈≈≈≈
≈≈≈≈≈≈≈≈≈≈≈≈≈≈≈≈...###≈≈..≈≈≈≈≈≈≈
≈≈...≈≈≈≈≈≈≈≈≈≈....##≈≈≈.≈≈≈≈≈≈≈≈
≈≈.#..≈≈≈≈≈≈≈≈§§.....≈≈≈≈≈≈≈..).≈
≈≈...≈≈≈≈.≈≈≈≈t§@......≈≈≈≈.....≈
≈≈≈≈≈≈.≈≈≈≈≈≈≈§§≈.^≈..≈≈.≈≈≈≈≈.≈≈
.≈≈≈≈≈≈≈≈≈≈≈≈≈≈≈≈≈≈≈.....≈≈≈≈≈≈≈≈
.≈≈≈≈≈≈≈≈≈≈≈≈≈≈≈≈≈≈≈....≈≈≈≈≈≈≈≈≈
≈≈≈≈≈≈≈≈≈≈≈≈≈≈≈≈≈≈≈≈≈≈≈≈≈≈≈≈≈P≈≈≈
^≈≈≈≈≈≈≈≈≈≈≈≈≈≈≈≈≈≈≈≈≈≈≈≈≈≈≈≈≈≈≈≈
.≈.≈≈≈≈≈≈≈≈≈≈≈≈≈≈≈≈≈≈≈≈P≈≈≈≈.PP≈≈
.≈≈≈≈≈≈≈≈≈≈≈≈≈≈≈≈≈≈≈≈≈≈≈≈≈PPP.P≈≈
.≈≈≈≈≈≈≈≈≈≈≈≈≈≈≈≈≈≈≈≈≈≈≈≈≈PP≈≈≈P≈


You could see a snapping turtle.

Vanquished Creatures
  A kraken (Shoals:1)
  An orc warlord (Orc:2)
  2 stone giants
  A merfolk javelineer (Shoals:1)
  4 hydras
  2 merfolk avatars
  3 catoblepae (Lair:6)
  A two-headed ogre (D:8)
  A merfolk aquamancer (Shoals:1)
  15 death yaks
  5 orc high priests
  7 sea snakes
  5 orc knights (Orc:2)
  Pikel (D:5)
  9 harpies
  2 oklob plants (Lair:4)
  5 orc sorcerers
  3 fauns
  6 elephants (Lair:6)
  6 manticores
  2 cyclopes
  5 merfolk sirens
  4 centaur zombies
  5 black mambas
  Joseph (D:9)
  A gargoyle (D:10)
  2 water nymphs
  3 centaur skeletons (D:8)
  7 cane toads
  5 komodo dragons
  A yaktaur (Shoals:2)
  2 hellwings (D:8)
  3 rime drakes
  2 trolls
  9 merfolk
  7 wind drakes
  2 polar bears (Lair:5)
  3 snapping turtles
  29 blink frogs
  A dream sheep (Shoals:3)
  A meliai zombie (D:8)
  10 hippogriffs
  2 wyverns (Lair:5)
  37 yaks
  A basilisk (Lair:6)
  4 water elementals
  4 steam dragons (Shoals:1)
  2 wargs
  3 nagas (Lair:2)
  Edmund (D:6)
  10 water moccasins
  10 porcupines
  An ice beast (D:8)
  26 orc warriors
  2 sky beasts
  A phantom (D:7)
  2 black bears (D:8)
  A necrophage (D:10)
  5 ogres
  3 centaurs
  23 wolves
  9 crocodiles
  A big kobold (D:7)
  17 bullfrogs
  2 wyvern zombies
  A wyvern skeleton (D:8)
  3 scorpions
  A water moccasin skeleton (D:9)
  8 wights
  6 electric eels (Lair:3)
  3 howler monkeys
  A quasit (D:7)
  5 hounds
  2 jellies
  7 orc priests
  A bullfrog skeleton (D:5)
  2 iguanas
  Jessica (D:3)
  5 hell rats (Lair:2)
  17 orc wizards
  7 worker ants
  A hound zombie (D:10)
  A hound skeleton (D:5)
  9 gnolls
  6 adders
  5 shadow imps (D:8)
  2 white imps
  2 ufetubi
  2 adder zombies (D:8)
  3 adder skeletons
  4 worms
  A dart slug (D:3)
  2 leopard geckos
  59 orcs
  7 giant cockroaches
  9 goblins
  13 hobgoblins
  15 jackals
  13 kobolds
  8 quokkas
  10 bats
  5 frilled lizards
  A giant cockroach zombie (D:5)
  A jackal skeleton (D:8)
  13 rats
  5 bushes (Shoals:2)
  5 fungi
  13 plants
637 creatures vanquished.

Vanquished Creatures (others)
  1339 foxfires
  30 fungi
  25 plants
  8 tentacles (Shoals:1)
  A withered plant (D:8)
1403 creatures vanquished.

Grand Total: 2040 creatures vanquished

Notes
Turn   | Place    | Note
-------+----------+-------------------------------------------
     0 | D:1      | graki42 the Deep Elf Fire Elementalist began the quest for
                  | the Orb.
     0 | D:1      | Reached XP level 1. HP: 10/10 MP: 6/6
   158 | D:1      | Reached XP level 2. HP: 15/15 MP: 1/8
   990 | D:2      | Reached XP level 3. HP: 19/19 MP: 5/9
  1030 | D:2      | Noticed a bullfrog
  1035 | D:2      | Killed a bullfrog
  1035 | D:2      | Reached skill level 4 in Spellcasting
  1035 | D:2      | Reached XP level 4. HP: 24/24 MP: 6/12
  1082 | D:2      | Learned a level 3 spell: Conjure Flame
  1086 | D:2      | Learned a level 3 spell: Inner Flame
  1338 | D:2      | Learned a level 4 spell: Sticky Flame
  1722 | D:2      | Reached XP level 5. HP: 28/28 MP: 11/13
  2060 | D:2      | Reached skill level 1 in Hexes
  2652 | D:3      | Noticed Jessica
  2656 | D:3      | Killed Jessica
  2734 | D:3      | Reached skill level 5 in Fire Magic
  2734 | D:3      | Reached XP level 6. HP: 32/32 MP: 10/15
  3529 | D:4      | Reached skill level 5 in Spellcasting
  3555 | D:4      | Found Juoxum's Antique Armour Shoppe.
  3559 | D:4      | Bought a glowing robe for 99 gold pieces
  4067 | D:4      | Found Dathutute's General Store.
  4117 | D:5      | Entered Level 5 of the Dungeon
  4123 | D:5      | Got a translucent flail
  4131 | D:5      | Identified the +6 flail of Jiuc {flame, rF+} (You found it
                  | on level 5 of the Dungeon)
  4230 | D:5      | Reached XP level 7. HP: 36/36 MP: 7/17
  4444 | D:5      | Reached skill level 6 in Spellcasting
  4648 | D:5      | Reached skill level 5 in Conjurations
  4727 | D:5      | Learned a level 5 spell: Fireball
  5015 | D:5      | Noticed Pikel
  5033 | D:5      | Killed Pikel
  5033 | D:5      | Reached skill level 7 in Spellcasting
  5033 | D:5      | Reached XP level 8. HP: 41/41 MP: 7/21
  5429 | D:6      | Reached skill level 8 in Spellcasting
  6027 | D:6      | Reached XP level 9. HP: 45/45 MP: 17/23
  6137 | D:6      | Noticed Edmund
  6150 | D:6      | Killed Edmund
  6150 | D:6      | Reached skill level 9 in Spellcasting
  7583 | D:7      | Found a staircase to the Ecumenical Temple.
  7599 | Temple   | Entered the Ecumenical Temple
  7744 | Temple   | Became a worshipper of Sif Muna the Loreminder
  8122 | D:7      | Reached skill level 10 in Spellcasting
  8330 | D:7      | Learned a level 2 spell: Swiftness
  8741 | D:8      | Reached skill level 1 in Air Magic
  8787 | D:8      | Noticed a hellwing
  8787 | D:8      | Noticed a hellwing
  9201 | D:8      | Killed a hellwing
  9326 | D:8      | Reached XP level 10. HP: 28/50 MP: 19/26
  9599 | D:8      | Found a bloodstained altar of Trog.
  9820 | D:8      | Reached skill level 11 in Spellcasting
  9917 | D:8      | Found a transporter.
  9917 | D:8      | Noticed Sassenached's ghost (journeyman OgWn)
  9918 | D:8      | Identified the +11 great mace "Kuaps" {vorpal, Int+7}
  9919 | D:8      | Found a transporter.
  9958 | D:8      | Reached skill level 10 in Fire Magic
 10139 | D:8      | Reached * piety under Sif Muna
 10337 | D:8      | Noticed a two-headed ogre
 10357 | D:8      | Killed a two-headed ogre
 10772 | D:9      | Reached skill level 10 in Conjurations
 10941 | D:9      | Noticed Joseph
 10945 | D:9      | Killed Joseph
 10964 | D:9      | Reached skill level 12 in Spellcasting
 11272 | D:9      | Found a staircase to the Orcish Mines.
 11279 | D:9      | Reached ** piety under Sif Muna
 11279 | D:9      | Reached XP level 11. HP: 54/54 MP: 15/29
 11366 | D:9      | Found a hazy altar of Hepliaklqana.
 11835 | D:9      | Reached skill level 1 in Invocations
 12339 | D:10     | Entered Level 10 of the Dungeon
 12367 | D:10     | Found a staircase to the Lair.
 12988 | D:10     | Found Goetunu's Book Emporium.
 13017 | D:10     | Found a snail-covered altar of Cheibriados.
 13178 | Lair:1   | Entered Level 1 of the Lair of Beasts
 13317 | Lair:1   | Noticed an eight-headed hydra
 13319 | Lair:1   | Killed an eight-headed hydra
 13455 | D:10     | Learned a level 3 spell: Vampiric Draining
 13471 | Lair:1   | You fall into a shaft and drop 1 floor!
 13653 | Lair:2   | Found a staircase to the Shoals.
 13656 | Lair:2   | Reached skill level 1 in Necromancy
 13704 | Lair:2   | Noticed a seven-headed hydra
 13712 | Lair:2   | Killed a seven-headed hydra
 13712 | Lair:2   | Reached *** piety under Sif Muna
 13712 | Lair:2   | Reached skill level 1 in Fighting
 13712 | Lair:2   | Reached skill level 1 in Shields
 13712 | Lair:2   | Reached skill level 13 in Spellcasting
 13922 | Lair:2   | Found the ring of Shadows {Umbra +Inv Stlth+}
 14219 | Lair:1   | Found an iron altar of Okawaru.
 14600 | Lair:1   | Reached skill level 5 in Stealth
 15282 | Lair:2   | Reached XP level 12. HP: 62/62 MP: 18/31
 15598 | Lair:2   | Found a staircase to the Snake Pit.
 16407 | Lair:3   | Reached skill level 5 in Invocations
 16581 | Lair:3   | Noticed a five-headed hydra
 16586 | Lair:3   | Killed a five-headed hydra
 16586 | Lair:3   | Reached skill level 5 in Dodging
 17281 | Lair:3   | Reached **** piety under Sif Muna
 18594 | Lair:4   | Identified a scroll of acquirement
 18772 | Lair:1   | Acquired the amulet "Geashraf" {Faith rF+ rC+}
 19181 | Lair:4   | Got an ichor-stained leather armour
 19192 | Lair:4   | Identified the +0 leather armour "Yceoco" {rElec rF+ MR+}
                  | (You found it on level 4 of the Lair of Beasts)
 19753 | Lair:5   | Reached skill level 5 in Necromancy
 20577 | Lair:5   | Reached skill level 14 in Spellcasting
 20664 | Lair:5   | Reached XP level 13. HP: 70/70 MP: 22/33
 21791 | Lair:5   | Reached skill level 10 in Stealth
 22123 | Orc:1    | Entered Level 1 of the Orcish Mines
 22141 | Orc:1    | Reached ***** piety under Sif Muna
 22142 | Orc:1    | Noticed a stone giant
 22399 | Lair:6   | Entered Level 6 of the Lair of Beasts
 22399 | Lair:6   | Found a staircase to the Slime Pits.
 22409 | Lair:5   | Identified Sif Muna's Compendium of the Arsonist and Evil
                  | Arts (Sif Muna gifted it to you on level 5 of the Lair of
                  | Beasts)
 22409 | Lair:5   | Received a gift from Sif Muna
 24329 | Lair:6   | Reached skill level 5 in Fighting
 25742 | Lair:6   | Reached XP level 14. HP: 78/78 MP: 23/34
 26090 | Lair:6   | Reached skill level 15 in Spellcasting
 27111 | Lair:1   | Learned a level 5 spell: Iskenderun's Battlesphere
 27171 | Orc:1    | HP: 1/78 [stone giant/large rock (30)]
 27557 | D:9      | Killed a stone giant
 28152 | Orc:1    | Found Tuebo's Antique Armour Shop.
 28469 | Orc:1    | Identified Sif Muna's Grimoire of Battle Magic (Sif Muna
                  | gifted it to you on level 1 of the Orcish Mines)
 28469 | Orc:1    | Received a gift from Sif Muna
 28852 | Orc:2    | Entered Level 2 of the Orcish Mines
 28930 | Orc:2    | Found Basusyli's Book Shop.
 29150 | Orc:2    | Noticed a stone giant
 29425 | Orc:2    | Killed a stone giant
 30333 | Orc:2    | Found Kokoqocs's Antique Weapon Emporium.
 30952 | Orc:2    | Found Huziocemel's Antique Armour Shop.
 30961 | Orc:2    | Noticed an orc warlord
 30969 | Orc:2    | Killed an orc warlord
 30969 | Orc:2    | Reached skill level 16 in Spellcasting
 31085 | Orc:2    | Reached skill level 10 in Necromancy
 31187 | Orc:2    | Found Meumant's Antique Armour Shoppe.
 31198 | Orc:2    | Found a staircase to the Elven Halls.
 31388 | Orc:2    | Found Pexouch's General Store.
 31396 | Orc:2    | Bought a +2 pair of boots of flying for 279 gold pieces
 31838 | Orc:2    | Bought a pair of faintly humming boots for 342 gold pieces
 31848 | Orc:2    | Identified the cursed +0 pair of boots of Honesty {rElec
                  | MR+ Int+5} (You bought it in a shop on level 2 of the
                  | Orcish Mines)
 31921 | Orc:1    | Bought a runed helmet for 202 gold pieces
 31926 | Orc:1    | Bought an embroidered hat for 189 gold pieces
 31982 | Orc:2    | Bought a scroll of enchant armour for 97 gold pieces
 32262 | D:4      | Bought a scroll of enchant armour for 82 gold pieces
 32516 | Lair:1   | Learned a level 4 spell: Airstrike
 32570 | Shoals:1 | Entered Level 1 of the Shoals
 32716 | Shoals:1 | Reached skill level 10 in Invocations
 33360 | Shoals:1 | Noticed a kraken
 33367 | Shoals:1 | Killed a kraken
 33584 | Shoals:1 | Identified Sif Muna's Compendium of Entrancing Conjuration
                  | (Sif Muna gifted it to you on level 1 of the Shoals)
 33584 | Shoals:1 | Received a gift from Sif Muna
 33905 | Shoals:1 | Reached XP level 15. HP: 82/82 MP: 26/37
 33923 | Shoals:1 | Reached skill level 5 in Air Magic
 37067 | Shoals:3 | Found Ywu Saep's Island Escapes.
 37627 | Shoals:3 | HP: 3/82 [snapping turtle (19)]
 37628 | Shoals:3 | Mangled by a snapping turtle

Illustrated notes

Levels and vault maps discovered:
D:1:      ebering_hopf_link, layout_loops_ring, supply_closet_lemuel,
          minmay_misc_feat_four_crosses
D:2:      layout_loops_ring, minmay_box_of_dots
D:3:      minmay_general_purpose_star, layout_basic,
          ebering_dispersal_statue_hall, uniq_jessica
D:4:      layout_rooms, serial_shops, kennysheep_mini_moat,
          nicolae_shop_waterfront, minmay_misc_feat_room
D:5:      layout_basic, minmay_manual_mess, uniq_pikel
D:6:      layout_layer_cave, uniq_edmund
D:7:      layout_basic, minmay_temple_entry_stoned_glass
D:8:      cheibrodos_grave_circle, layout_basic, trog_ov_bears_minmay,
          gammafunk_ghost_smash
D:9:      layout_basic, david_orc_2, basic_altar, uniq_joseph
D:10:     layout_roguey, due_lair_maze_entry_diamond, basic_altar, serial_shops,
          nicolae_shop_statue_plus
Temple:   kilobyte_greek_temple
Lair:1:   layout_roguey, basic_altar, cheibrodos_lair_reptile_den
Lair:2:   layout_cave_pods, minmay_shoals_entry_beasts,
          minmay_snake_entry_guardpost_small, lemuel_fruit_tree
Lair:3:   layout_cave_pods, nicolae_quartered_pool_medium, serial_bayou_shore_a
Lair:4:   layout_roguey, st_stairs_9, minmay_lair_oklob_chamber
Lair:5:   layout_hall_layers, grunt_megastairs_3
Lair:6:   evilmike_catoblepas_cave, layout_regular_city, slime_dummy
Shoals:1: layout_shoals, nicolae_shoals_drake_roost
Shoals:2: layout_shoals, yaktaur_hedge
Shoals:3: layout_shoals, nicolae_island_escapes
Orc:1:    layout_caves, serial_shops, nicolae_shop_statue_plus
Orc:2:    grunt_orc_gardens, layout_caves, grunt_orc_garden, grunt_orc_garden,
          grunt_orc_garden, grunt_orc_garden, serial_shops, shop

Skill      XL: |  1  2  3  4  5  6  7  8  9 10 11 12 13 14 15 |
---------------+----------------------------------------------+-----
Fire Magic     | 4 5 7 8 9 10 11 12 | 12.0
Dodging        | 3 4 6 8 9 |  9.0
Spellcasting   | 4 5 7 8 10 12 13 14 16 | 16.9
Conjurations   | 2 4 5 7 8 10 11 | 11.0
Stealth        | 3 5 9 12 | 12.0
Hexes          | 2 3 |  3.0
Air Magic      | 3 4 7 |  7.0
Invocations    | 4 6 8 10 11 | 11.0
Necromancy     | 2 5 7 10 11 | 11.0
Fighting       | 1 3 5 |  5.1
Shields        | 1 3 4 |  4.0

Action                   |  1- 3 |  4- 6 |  7- 9 | 10-12 | 13-15 || total
-------------------------+-------+-------+-------+-------+-------++-------
Melee: Dagger            |       |     6 |     3 |       |       ||     9
       Unarmed           |       |     3 |       |       |       ||     3
       Flail             |       |       |     4 |    14 |       ||    18
       Staff             |       |       |       |    30 |     7 ||    37
 Cast: Foxfire           |    46 |   138 |   199 |   253 |   170 ||   806
       Conjure Flame     |       |     2 |    11 |    14 |       ||    27
       Inner Flame       |       |       |     4 |     2 |    10 ||    16
       Sticky Flame      |       |       |    14 |    67 |    39 ||   120
       Fireball          |       |       |     3 |   103 |   294 ||   400
       Swiftness         |       |       |       |     1 |    16 ||    17
       Airstrike         |       |       |       |       |    72 ||    72
       Iskenderun's Batt |       |       |       |       |     9 ||     9
Invok: Channel Magic     |       |       |       |       |     1 ||     1
 Abil: Evoke Invisibilit |       |       |       |       |     5 ||     5
Evoke: Wand              |       |       |       |       |     2 ||     2
  Use: Scroll            |       |     1 |    14 |    13 |     6 ||    34
       Potion            |       |       |     4 |       |       ||     4
 Stab: Sleeping          |       |     1 |     2 |     1 |       ||     4
Armor: Robe              |     4 |     5 |     5 |    27 |       ||    41
       Leather armour    |       |       |       |     3 |    33 ||    36
Dodge: Dodged            |    16 |    24 |    72 |   143 |   112 ||   367
Block: Buckler           |       |       |       |       |    27 ||    27

Table legend: (Time is in decaauts)
 A = Elapsed time spent in this place.
 B = Non-inter-level travel time spent in this place.
 C = Inter-level travel time spent in this place.
 D = Time resting spent in this place.
 E = Time spent auto-exploring this place.
 F = Levels seen in this place.
 G = Mean time per level.
                   A        B        C        D        E       F      G
               +--------+--------+--------+--------+--------+-----+--------+
         Total |  37684 |  35843 |   1841 |  14383 |  15875 |  22 | 1712.9 |
       Dungeon |  14915 |  14156 |    759 |   4004 |   7843 |  10 | 1491.5 |
        Temple |    179 |    145 |     34 |      0 |     97 |   1 |  179.0 |
          Lair |  13777 |  12987 |    790 |   6011 |   5116 |   6 | 2296.2 |
        Shoals |   4886 |   4834 |     52 |   2429 |   1779 |   3 | 1628.7 |
  Orcish Mines |   3924 |   3719 |    205 |   1939 |   1040 |   2 | 1962.0 |
               +--------+--------+--------+--------+--------+-----+--------+

Top non-repeatable levels by time:
  Lair:5: 3191 daAuts
  Lair:6: 3028 daAuts
Shoals:1: 2546 daAuts
     D:9: 2247 daAuts
     D:8: 2212 daAuts
   Orc:2: 2200 daAuts
  Lair:3: 2099 daAuts
  Lair:4: 2066 daAuts
     D:6: 1999 daAuts
  Lair:1: 1933 daAuts
     D:7: 1905 daAuts
   Orc:1: 1724 daAuts
  Lair:2: 1457 daAuts
Shoals:2: 1411 daAuts
    D:10: 1256 daAuts
